 Dungeon Crawl Stone Soup version 0.31-a0-963-ga325b2283a (webtiles) character file.

Game seed: 10443503375724067467

315 Goblin1989 the Chopper (level 6, -2/47 HPs)
             Began as a Demonspawn Berserker on Oct 24, 2023.
             Was a Priest of Trog.
             Killed by nerve-wracking pain
             ... invoked by an orc priest
              (12 damage)
             ... on level 4 of the Dungeon.
             The game lasted 00:07:35 (2630 turns).

Goblin1989 the Chopper (Demonspawn Berserker)       Turns: 2630, Time: 00:07:35

Health: -2/47      AC: 14    Str: 19    XL:     6   Next: 19%
Magic:  6/6        EV:  8    Int:  8    God:    Trog [***...]
Gold:   112        SH:  0    Dex: 13    Spells: 5/5 levels left

rFire   . . .        u - +2 hand axe (vamp)
rCold   . . .        (no shield)
rNeg    . . .        v - +0 chain mail
rPois   .            (no helmet)
rElec   .            t - scarf {+Inv}
rCorr   .            (no gloves)
SInv    .            (no boots)
Will    .....        l - amulet of magic regeneration Stlth
                     (no ring)
HPRegen 0.27/turn    (no ring)
MPRegen 0.50/turn

%: no passive effects
@: sanguine armoured, on berserk cooldown, slowed, very slow
A: powered by pain 1, sanguine armour 1, demonic magic 1
a: Renounce Religion, Evoke Invisibility, Berserk, Trog's Hand


You were on level 4 of the Dungeon.
You worshipped Trog.
Trog was most pleased with you.
You visited 1 branch of the dungeon, and saw 4 of its levels.

You collected 112 gold pieces.

Inventory:

Hand Weapons
 h - a +2 dagger of venom
 u - a +2 vampiric hand axe (weapon)
Armour
 t - a scarf of invisibility (worn)
 v - a +0 chain mail (worn)
Jewellery
 l - an amulet of magic regeneration (around neck)
 o - a +6 ring of intelligence
 r - a ring of ice
Scrolls
 d - 2 scrolls of fear {unknown}
 f - 3 scrolls of identify {unknown}
 i - a scroll of revelation {unknown}
 j - 2 scrolls of blinking {unknown}
 k - 3 scrolls of teleportation {unknown}
 m - a scroll of brand weapon {unknown}
Potions
 c - a potion of mutation {unknown}
 e - 2 potions of curing {unknown}
 n - a potion of magic {unknown}
 p - a potion of degeneration {unknown}
 q - a potion of might {unknown}
 s - a potion of attraction {unknown}


   Skills:
 + Level 3.3 Fighting
 * Level 5.9 Axes
 + Level 2.2 Armour
 + Level 2.2 Dodging


You had 5 spell levels left.
You didn't know any spells.
Your spell library was empty.

Dungeon Overview and Level Annotations

Branches:
Dungeon (4/15) Zot: 21320
 Temple: D:4-7

Altars:

Annotations:
D:4 1 runed translucent door, Crazy Yiuf


Innate Abilities, Weirdness & Mutations

You sometimes gain a little power by taking damage.
When seriously injured, your blood forms armour. (AC +6)
Spells you cast may paralyse adjacent enemies.


Message History

You take 1 damage, and have 49/70 hp.
Unknown command.
You miss something.
The orc priest looks encouraged for a moment.
Something hits you but does no damage.
Unknown command.
You barely miss something.
Unknown command.
You barely miss something. Something hits you but does no damage.
The kobold throws a poisoned dart.
The poisoned dart hits you!
You are poisoned.
Unknown command.
You slash something! Trog accepts your kill.
Trog appreciates your killing of a magic user.
Reactivating autopickup.
You feel a bit more experienced.
You feel sick.
You take 2 damage, and have 48/70 hp.
Unknown command.
You slash the endoplasm!
You kill the endoplasm!
Trog accepts your kill.
You feel sick.
You take 1 damage, and have 47/70 hp.
Unknown command.
You are no longer berserk.
You are exhausted.
You feel yourself slow down.
Your blood congeals into armour.
You feel sick.
The quokka bites you but does no damage.
The orc priest invokes the aid of Beogh against you.
Beogh smites you!
* * * LOW HITPOINT WARNING * * *
The kobold hits you but does no damage.
Items here: ))) [ ††††.
You now have 16/47 hp.
Unknown command.
You are too injured to fight recklessly!
Unknown command.
You are too injured to fight recklessly!
Unknown command.
You are too injured to fight recklessly!
Unknown command.
Unknown command.
You completely miss the kobold. You closely miss the quokka.
You feel sick.
The quokka bites you but does no damage.
The kobold completely misses you.
The quokka bites you but does no damage.
The kobold hits you but does no damage.
You take 2 damage, and have 14/47 hp.
Your skin crawls.
You feel strong-willed.
You feel sick. The quokka closely misses you.
The kobold hits you but does no damage. The quokka closely misses you.
You miss the kobold. You closely miss the quokka.
You feel sick. The quokka bites you.
* * * LOW HITPOINT WARNING * * *
The kobold hits you but does no damage.
The orc priest begins to cast a cantrip, but forgets the words!
The quokka closely misses you. The kobold hits you but does no damage.
You take 2 damage, and have 13/47 hp.
You hit the kobold.
You feel better.
You kill the kobold!
Trog accepts your kill.
You hit the quokka.
You feel better.
You feel the effects of Trog's Hand fading.
You feel sick.
You are no longer poisoned.
The quokka barely misses you.
You regained 3 hp, and now have 16/47 hp.
You hit the orc priest.
You feel better.
The orc priest is lightly wounded.
You hit the quokka.
You feel better.
You kill the quokka!
Trog accepts your kill.
The orc priest mumbles some strange prayers to Beogh against you.
You resist with almost no effort.
The orc priest hits you but does no damage.
You regained 6 hp, and now have 22/47 hp.
You completely miss the orc priest.
The orc priest is lightly wounded.
The orc priest hits you with a +0 dagger.
You barely miss the orc priest.
The orc priest is lightly wounded.
Your skin stops crawling.
You feel less strong-willed.
The orc priest invokes the aid of Beogh against you.
Pain shoots through your body!
* * * LOW HITPOINT WARNING * * *
The orc priest hits you but does no damage.
You take 10 damage, and have 12/47 hp.
MASSIVE DAMAGE!!
You closely miss the orc priest.
The orc priest is lightly wounded.
The orc priest hits you with a +0 dagger.
* * * LOW HITPOINT WARNING * * *
You take 2 damage, and have 10/47 hp.
You barely miss the orc priest.
The orc priest is lightly wounded.
The orc priest barely misses you.
The orc priest calls down the wrath of Beogh upon you.
Pain shoots through your body!
You die...

♣♣♣♣♣███ ███
♣♣♣.♣.)))█████
█...█♣..♣.)))))...█
█...▲.♣♣♣♣))))..<.█
█)..█♣♣ ♣♣))))...█
███ ♣♣██....█
█....█ █†)..█
████████@█.██
........o█.█
....$....█.█
............
.....█..██..)
......... █...█
......... ...█
$?....... ███
..........


You could see an orc priest.

Vanquished Creatures
  An orc priest (D:2)
  2 iguanas (D:4)
  An orc wizard (D:4)
  2 sleepcaps (D:3)
  4 gnolls (D:2)
  An adder (D:2)
  2 worms
  2 dart slugs
  7 orcs
  5 ball pythons
  2 bats (D:2)
  11 endoplasms
  5 giant cockroaches
  7 goblins
  5 hobgoblins
  8 jackals
  9 kobolds
  2 quokkas
  3 frilled lizards
  7 rats
86 creatures vanquished.

Notes
Turn   | Place    | Note
-------+----------+-------------------------------------------
     0 | D:1      | Goblin1989 the Demonspawn Berserker began the quest for the
                  | Orb.
     0 | D:1      | Reached XP level 1. HP: 18/18 MP: 1/1
    87 | D:1      | Reached skill level 3 in Axes
    96 | D:1      | Gained mutation: You sometimes gain a little power by
                  | taking damage. [demonic ancestry]
    96 | D:1      | Reached XP level 2. HP: 18/24 MP: 2/2
   490 | D:1      | Gained mutation: Spells you cast may paralyse adjacent
                  | enemies. [demonic ancestry]
   490 | D:1      | Reached XP level 3. HP: 24/29 MP: 3/3
   684 | D:2      | Reached skill level 4 in Axes
   696 | D:2      | Gained mutation: When seriously injured, your blood forms
                  | armour. (AC +6) [demonic ancestry]
   696 | D:2      | Reached XP level 4. HP: 20/35 MP: 4/4
   775 | D:2      | Reached ** piety under Trog
   846 | D:2      | Reached skill level 5 in Axes
  1239 | D:2      | Reached XP level 5. HP: 41/41 MP: 5/5
  2480 | D:4      | Noticed a water moccasin
  2574 | D:4      | Found a runed translucent door.
  2575 | D:4      | Noticed Crazy Yiuf
  2611 | D:4      | Reached XP level 6. HP: 47/47 MP: 6/6
  2620 | D:4      | Reached *** piety under Trog
  2630 | D:4      | Killed from afar by an orc priest

Illustrated notes

Levels and vault maps discovered:
D:1:      scummos_arrival_checkerplants, layout_rooms
D:2:      layout_basic
D:3:      layout_basic
D:4:      layout_rooms, minmay_temple_entry_purple_smoke,
          uniq_crazy_yiuf_cottage

Skill      XL: |  1  2  3  4  5 |
---------------+----------------+-----
Axes           | 3 4 5 |  5.9
Armour         | 2 |  2.2
Dodging        | 2 |  2.2
Fighting       | |  3.3

Action                     |  1- 3 |  4- 6 || total
---------------------------+-------+-------++-------
  Melee: Hand axe          |    77 |   176 ||   253
         Punch             |     1 |     3 ||     4
 Invoke: Berserk           |     3 |     2 ||     5
         Trog's Hand       |       |     1 ||     1
 Armour: Ring mail         |    48 |    60 ||   108
         Animal skin       |     1 |       ||     1
         Chain mail        |       |    58 ||    58
  Dodge: Dodged            |    50 |   101 ||   151

Table legend: (Time is in decaauts)
 A = Elapsed time spent in this place.
 B = Non-inter-level travel time spent in this place.
 C = Inter-level travel time spent in this place.
 D = Time resting spent in this place.
 E = Time spent auto-exploring this place.
 F = Levels seen in this place.
 G = Mean time per level.
                   A        B        C        D        E       F      G
               +--------+--------+--------+--------+--------+-----+--------+
         Total |   2678 |   2499 |    179 |    239 |   1724 |   4 |  669.5 |
       Dungeon |   2678 |   2499 |    179 |    239 |   1724 |   4 |  669.5 |
               +--------+--------+--------+--------+--------+-----+--------+

Top non-repeatable levels by time:
     D:2: 988 daAuts
     D:3: 949 daAuts
     D:1: 674 daAuts
     D:4: 66 daAuts
